 Dungeon Crawl Stone Soup version 0.29.1-2-gbd0b4ee654 (webtiles) character file.

Game seed: 14894489299337127469

65583 DildoBatman the Blocker (level 15, -1/115 HPs)
             Began as a Formicid Conjurer on Dec 1, 2022.
             Was an Initiate of Gozag.
             Slain by a centaur warrior
             ... wielding a +0 dire flail
              (2 damage)
             ... on level 15 of the Dungeon.
             The game lasted 01:10:38 (16854 turns).

DildoBatman the Blocker (Formicid Conjurer)        Turns: 16854, Time: 01:10:39

Health: -1/115     AC: 10    Str: 16      XL:     15   Next: 58%
Magic:  16/31      EV: 13    Int: 24 (25) God:    Gozag
Gold:   2857       SH: 12    Dex: 12      Spells: 15/38 levels left

rFire   . . .      SeeInvis +   b - +4 sling (freeze)
rCold   + . .      Faith    .   G - +0 kite shield
rNeg    + . .      Spirit   .   e - +3 leather armour of Chimes {rC+ Str+4 SInv}
rPois   .          Reflect  .   (helmet unavailable)
rElec   .          Harm     .   S - scarf {repulsion}
rCorr   .          Rampage  .   r - +0 pair of gloves
Will    .....                   s - +0 pair of boots
Stlth   ++........              m - amulet of magic regeneration
HPRegen 0.29/turn               v - ring of flight
MPRegen 0.62/turn               L - ring of positive energy

@: weak-willed, flying, repel missiles
A: permanent stasis, dig shafts and tunnels, antennae 3, four strong arms,
deterioration 1
a: Dig, Shaft Self, Renounce Religion, Potion Petition, Call Merchant, Bribe
Branch


You were on level 15 of the Dungeon.
You worshipped Gozag.
Gozag was most pleased with you.
You visited 3 branches of the dungeon, and saw 18 of its levels.

You collected 3420 gold pieces.
You spent 112 gold pieces at shops.
You paid 451 gold pieces to Gozag.

Inventory:

Hand Weapons
 a - a +3 demon trident
 b - a +4 sling of freezing (weapon)
 o - a +3 arbalest
Missiles
 w - 11 javelins
 B - 4 silver javelins
 I - 26 poisoned darts
 Y - 6 curare-tipped darts
Armour
 e - the +3 leather armour of Chimes (worn) {rC+ Str+4 SInv}
   (You found it on level 2 of the Orcish Mines)

   Str:       It affects your strength (+4).
   rC:        It protects you from cold.
   SInv:      It lets you see invisible.
 g - a +2 robe of willpower
 r - a +0 pair of gloves (worn)
 s - a +0 pair of boots (worn)
 y - a +0 tower shield
 G - a +0 kite shield (worn)
 Q - a +2 robe of fire resistance
 S - a scarf of repulsion (worn)
Magical Staves
 Z - a staff of cold
Jewellery
 m - an amulet of magic regeneration (around neck)
 t - a ring of resist corrosion
 u - an amulet of reflection
 v - a ring of flight (left hand)
 K - a ring of protection from cold
 L - a ring of positive energy (right hand)
 U - a ring of fire
Wands
 d - a wand of iceblast (7)
 E - a wand of digging (8)
 N - a wand of light (11)
 W - a wand of paralysis (12)
Scrolls
 f - 3 scrolls of amnesia
 h - 3 scrolls of fear
 i - 2 scrolls of enchant weapon
 l - a scroll of torment {unknown}
 n - 3 scrolls of fog
 p - 4 scrolls of summoning
 q - 2 scrolls of immolation
 z - 3 scrolls of identify
 A - 6 scrolls of enchant armour
 C - 2 scrolls of magic mapping
 J - 3 scrolls of poison
 T - 2 scrolls of brand weapon {unknown}
Potions
 c - a potion of invisibility {unknown}
 j - 9 potions of curing
 k - a potion of magic
 x - 5 potions of heal wounds
 D - 3 potions of ambrosia
 F - 3 potions of brilliance
 H - a potion of berserk rage {unknown}
 M - a potion of mutation {unknown}
 O - a potion of cancellation {unknown}
 R - a potion of might {unknown}
 V - a potion of degeneration {unknown}
 X - a potion of resistance
Miscellaneous
 P - a condenser vane


   Skills:
 - Level 10.3 Fighting
 - Level 10.2 Armour
 - Level 7.0 Dodging
 - Level 2.4 Stealth
 * Level 12.1 Shields
 - Level 12.0 Spellcasting
 - Level 6.0 Conjurations
 - Level 12.0 Necromancy
 - Level 12.0 Earth Magic


You had 15 spell levels left.
You knew the following spells:

 Your Spells              Type           Power      Damage    Failure   Level
a - Borgnjor's Vile Clut  Necr/Erth      32%        N/A       1%          5
b - Ozocubu's Armour      Ice            14%        N/A       26%         3
d - Vampiric Draining     Necr           64%        2d10      1%          3
f - Iron Shot             Conj/Erth      27%        9d6       32%         6
h - Dispel Undead         Necr           64%        3d22      1%          4
z - Sublimation of Blood  Necr           64%        N/A       1%          2

Your spell library contained the following spells:

 Spells                   Type           Power      Damage    Failure   Level
 Magic Dart               Conj           100%       1d8       1%          1
 Necrotise                Necr           100%       1d9       1%          1
 Searing Ray              Conj           86%        2d7       1%          2
 Stone Arrow              Conj/Erth      100%       3d13      1%          3
 Agony                    Necr           64%        N/A       1%          5
 Anguish                  Hex/Necr       21%        N/A       7%          4
 Animate Armour           Summ/Erth      86%        N/A       7%          4
 Leda's Liquefaction      Hex/Erth       21%        N/A       7%          4
 Dazzling Flash           Conj/Hex       56%        N/A       8%          3
 Death Channel            Necr           32%        N/A       10%         6
 Mephitic Cloud           Conj/Pois/Air  24%        N/A       11%         3
 Scorch                   Fire           28%        2d6       13%         2
 Flame Wave               Conj/Fire      28%        2d9       24%         4
 Fulminant Prism          Conj/Hex       14%        3d9       24%         4
 Hailstorm                Conj/Ice       28%        3d8       24%         4
 Iskenderun's Mystic Bla  Conj/Tloc      28%        2d7       24%         4
 Call Canine Familiar     Summ           14%        N/A       26%         3
 Ignite Poison            Fire/Tmut/Pois 14%        N/A       26%         3
 Portal Projectile        Hex/Tloc       28%        N/A       26%         3
 Ice Form                 Ice/Tmut       14%        N/A       63%         4
 Freezing Cloud           Conj/Ice/Air   12%        6-21      71%         5
 Blade Hands              Tmut           7%         N/A       93%         5
 Haunt                    Necr/Summ      21%        N/A       99%         7
 Orb of Destruction       Conj           21%        9d8       99%         7
 Borgnjor's Revivificati  Necr           32%        N/A       99%         8
 Infestation              Necr           32%        N/A       99%         8
 Summon Cactus Giant      Summ           7%         N/A       100%        6
 Enfeeble                 Hex            7%         N/A       100%        7
 Ozocubu's Refrigeration  Ice            7%         4d9       100%        7
 Necromutation            Tmut/Necr      21%        N/A       100%        8
 Chain Lightning          Conj/Air       14%        3d18      100%        9
 Death's Door             Necr           32%        N/A       100%        9
 Animate Dead             Necr           Unusable   N/A       N/A         4
 Simulacrum               Ice/Necr       Unusable   N/A       N/A         6

Dungeon Overview and Level Annotations

Branches:
Dungeon (15/15)            Temple (1/1) D:5            Lair (0/5) D:9
    Orc (2/2) D:11            Elf (0/3) Orc:2        Vaults (0/5) D:13
 Depths: D:15

Altars:
Ashenzari
Cheibriados
Dithmenos
Elyvilon
Fedhas
Gozag
Hepliaklqana
Kikubaaqudgha
Makhleb
Nemelex Xobeh
Okawaru
Qazlal
Ru
Sif Muna
Trog
Uskayaw
Vehumet
Wu Jian
Xom
Yredelemnul
Zin
The Shining One

Shops:
D:4 (   D:7 =   D:8 ?   D:11 [   Orc:2 (?:[

Portals:
Trove: D:14 (give +3 shadow dragon scales)

Annotations:
D:14 1 exclusion


Innate Abilities, Weirdness & Mutations

You cannot be hasted, slowed, berserked, paralysed or teleported.
You can dig through walls and to a lower floor.
You have a pair of large antennae on your head. (SInv)
Your four strong arms can wield two-handed weapons with a shield.
Your body sometimes deteriorates upon taking damage.


Message History

Press: ? - help, Shift-Dir - straight line, f - phantasmal warrior, p - centaur warrior
Aim: a phantasmal warrior (100% to hit)
Okay, then.
Casting: Dispel Undead (mildly dangerous; 1% risk of failure)
Confirm with . or Enter, or press ? or * to list all spells.
Aiming: Borgnjor's Vile Clutch (dangerous; 1% risk of failure)
Press: ? - help, Shift-Dir - straight line, f/p - centaur warrior
Aim: a centaur warrior, wielding a +0 shortbow and quivering poisoned darts (lightly wounded, 100% to hit)
The phantasmal warrior is unaffected.
Zombie hands grab the centaur warrior.
The zombie hands constrict the centaur warrior.
The phantasmal warrior hits you!
Your body deteriorates!
You feel dopey.
Your willpower is stripped away!
The centaur warrior struggles to escape constriction.
Casting: Borgnjor's Vile Clutch (dangerous; 1% risk of failure)
Confirm with . or Enter, or press ? or * to list all spells.
Aiming: Dispel Undead (mildly dangerous; 1% risk of failure)
Press: ? - help, Shift-Dir - straight line, f - phantasmal warrior, p - centaur warrior
Aim: a phantasmal warrior (100% to hit)
The phantasmal warrior is dispelled!!!
The zombie hands constrict the centaur warrior!
The centaur warrior struggles to escape constriction.
The phantasmal warrior hits you!!
The centaur warrior escapes!
Casting: Dispel Undead (mildly dangerous; 1% risk of failure)
Confirm with . or Enter, or press ? or * to list all spells.
Aiming: Vampiric Draining (safe; 1% risk of failure)
Press: ? - help, Shift-Dir - straight line, f - centaur warrior, p - phantasmal warrior
Aim: a centaur warrior, wielding a +0 shortbow and quivering poisoned darts (heavily wounded)
You draw life force from the centaur warrior.
You feel life coursing into your body.
You block the phantasmal warrior's attack.
The centaur warrior unwields a +0 shortbow.
The centaur warrior wields a +0 dire flail.
The centaur warrior hits you with a +0 dire flail!
The centaur warrior kicks you.
You die...
Your body crumbles into a pile of gold.

########## #...# #....$...####
#######.#.# #.....<...!.#
##.....#.#.#
.......$......###..........#
......Z.......##..........#
..........................#
.#........................#
8.............##Wc........#
.....$........##@...~.....#######
...........#####...≈≈~...........
.c.. #.....~≈.(<..####... ...
###.#..~≈...[..####... ..
........~~.............
#.......≈..)......^.... $
##......≈.............. .
..#.......~≈...#.#####...
...........≈~.####.# #...


You could see a centaur warrior and a phantasmal warrior.

Vanquished Creatures
  2 orc warlords (Orc:2)
  2 fire dragons (D:13)
  4 hydras
  4 centaur warriors
  12 two-headed ogres
  Erica (D:9)
  2 ogre magi
  5 tengu warriors
  4 orc high priests (Orc:2)
  Urug (D:11)
  Sonja (Orc:2)
  Nergalle (D:12)
  A skeletal warrior (D:15)
  A spark wasp zombie (D:15)
  A necromancer (D:15)
  7 orc knights
  3 deep elf pyromancers
  3 orc sorcerers (Orc:2)
  8 ugly things
  5 manticores
  6 cyclopes
  A fire giant zombie (D:15)
  4 gargoyles
  Joseph (D:8)
  A freezing wraith (D:14)
  4 tengu conjurers
  4 kobold demonologists
  8 trolls
  2 guardian mummies (D:14)
  A raiju (shapeshifter) (D:13)
  Prince Ribbit (D:8)
  A shadow (D:11)
  A centaur simulacrum (D:14)
  3 wraiths
  A spriggan (shapeshifter) (D:15)
  Sigmund (D:2)
  26 yaks
  2 wyverns
  A vampire (D:11)
  16 humans (D:13)
  8 vampire mosquitoes
  2 steam dragons
  3 wargs
  4 water moccasins
  2 acid dragons
  A black bear (D:4)
  3 ice beasts
  53 orc warriors
  3 sky beasts
  18 ogres
  6 centaurs
  2 kobold brigands
  4 bullfrogs
  A necrophage (D:3)
  A gnoll sergeant (D:6)
  2 scorpions (D:5)
  11 wights
  5 killer bees (D:10)
  8 howler monkeys
  2 electric eels
  7 lava snakes (D:7)
  7 quasits (D:7)
  3 jellies
  24 orc priests
  3 hounds
  3 iguanas
  29 orc wizards
  Robin (D:2)
  4 adders
  4 gnolls (D:6)
  2 gnoll zombies (D:4)
  7 shadow imps (D:7)
  5 white imps
  9 ufetubi
  A worm (D:2)
  107 orcs
  3 bats
  6 endoplasms
  3 giant cockroaches
  10 goblins
  6 hobgoblins
  4 jackals (D:3)
  16 kobolds
  4 quokkas
  7 ball pythons
  2 frilled lizards (D:3)
  4 rats
573 creatures vanquished.

Vanquished Creatures (others)
  13 demonic plants (D:7)
  A fungus (D:3)
  4 plants
  A withered plant (D:15)
19 creatures vanquished.

Grand Total: 592 creatures vanquished

Notes
Turn   | Place    | Note
-------+----------+-------------------------------------------
     0 | D:1      | DildoBatman the Formicid Conjurer began the quest for the
                  | Orb.
     0 | D:1      | Reached XP level 1. HP: 13/13 MP: 3/3
   278 | D:1      | Reached XP level 2. HP: 16/20 MP: 3/5
   304 | D:1      | Learned a level 2 spell: Searing Ray
   675 | D:1      | You fall into a shaft and drop 1 floor!
   746 | D:2      | Reached skill level 1 in Fighting
   746 | D:2      | Reached skill level 1 in Armour
   757 | D:2      | Reached XP level 3. HP: 26/26 MP: 4/6
   891 | D:2      | Noticed Sigmund
  1376 | D:3      | Reached XP level 4. HP: 33/33 MP: 0/8
  1529 | D:3      | Found a faded altar of an unknown god.
  1590 | D:3      | Noticed a necrophage
  1596 | D:3      | Killed a necrophage
  1597 | D:3      | Reached XP level 5. HP: 38/38 MP: 3/9
  1797 | D:3      | Found a white marble altar of Elyvilon.
  2183 | D:4      | Found Pyoruez's Antique Weapon Shoppe.
  2310 | D:4      | Found a transporter.
  2380 | D:4      | Noticed a black bear
  2389 | D:4      | Killed a black bear
  2390 | D:4      | Reached XP level 6. HP: 35/46 MP: 1/11
  2478 | D:4      | Found a transporter.
  2957 | D:5      | Entered Level 5 of the Dungeon
  2963 | D:4      | Reached skill level 1 in Shields
  3024 | D:5      | Noticed a water moccasin
  3034 | D:5      | Killed a water moccasin
  3035 | D:5      | Reached XP level 7. HP: 30/52 MP: 3/13
  3052 | D:5      | Found a staircase to the Ecumenical Temple.
  3064 | Temple   | Entered the Ecumenical Temple
  3247 | Temple   | Became a worshipper of Kikubaaqudgha
  3380 | D:2      | Killed Sigmund
  3381 | D:2      | Reached skill level 5 in Conjurations
  3436 | D:2      | Noticed Robin
  3466 | D:2      | Killed Robin
  3779 | D:4      | You are sucked into a shaft and drop 2 floors!
  3787 | D:6      | Reached skill level 5 in Spellcasting
  3787 | D:6      | Reached XP level 8. HP: 39/58 MP: 11/15
  3828 | D:5      | Reached * piety under Kikubaaqudgha
  3828 | D:5      | Received a gift from Kikubaaqudgha
  3918 | D:5      | Reached skill level 1 in Necromancy
  4245 | D:5      | Found a burning altar of Makhleb.
  4963 | D:6      | Reached XP level 9. HP: 63/63 MP: 12/19
  5158 | D:6      | Learned a level 2 spell: Sublimation of Blood
  5162 | D:6      | Learned a level 3 spell: Vampiric Draining
  5469 | D:7      | Reached skill level 5 in Necromancy
  5502 | D:7      | Found Ciacided's One-of-a-Kind Rings.
  5534 | D:7      | Reached ** piety under Kikubaaqudgha
  5861 | D:7      | HP: 3/63 [shadow imp/nerve-wracking pain (12)]
  6196 | D:7      | Found a shimmering altar of Xom.
  6279 | D:7      | Reached XP level 10. HP: 60/64 MP: 14/20
  6336 | D:7      | Reached *** piety under Kikubaaqudgha
  6336 | D:7      | Received a gift from Kikubaaqudgha
  6348 | D:7      | Learned a level 4 spell: Dispel Undead
  6354 | D:7      | Learned a level 5 spell: Borgnjor's Vile Clutch
  6388 | D:7      | Reached skill level 1 in Earth Magic
  6392 | D:7      | Noticed a manticore
  6392 | D:7      | Noticed a red ugly thing
  6581 | D:7      | Found an ornate altar of the Wu Jian Council.
  6753 | D:7      | Killed a manticore
  6754 | D:7      | Reached skill level 5 in Earth Magic
  6951 | D:8      | Noticed Prince Ribbit
  6951 | D:8      | Noticed a gargoyle
  6961 | D:8      | Killed Prince Ribbit
  6985 | D:8      | Killed a gargoyle
  7012 | D:8      | Found Xeosoumaan's Magic Scroll Shop.
  7269 | D:8      | Noticed Joseph
  7523 | D:8      | Killed Joseph
  7661 | D:9      | Reached XP level 11. HP: 75/75 MP: 4/21
  7808 | D:9      | Reached skill level 10 in Earth Magic
  7825 | D:9      | Noticed Erica
  7827 | D:9      | Reached skill level 10 in Necromancy
  7835 | D:9      | Killed Erica
  7915 | D:9      | Found a staircase to the Lair.
  8150 | D:10     | Entered Level 10 of the Dungeon
  8356 | D:10     | Reached **** piety under Kikubaaqudgha
  8517 | D:10     | Noticed a two-headed ogre
  8524 | D:10     | Killed a two-headed ogre
  8687 | D:10     | Found a basalt altar of Yredelemnul.
  9005 | D:11     | Found Uluruv's Antique Armour Emporium.
  9549 | D:7      | Killed a red ugly thing
  9550 | D:7      | Reached XP level 12. HP: 81/81 MP: 18/23
  9685 | D:4      | You are sucked into a shaft and drop 3 floors!
  9689 | D:7      | You are sucked into a shaft and drop 3 floors!
 10041 | D:11     | Noticed a six-headed hydra
 10045 | D:11     | Killed a six-headed hydra
 10223 | D:11     | Learned a level 3 spell: Ozocubu's Armour
 10230 | D:11     | Learned a level 6 spell: Iron Shot
 10267 | D:11     | Found a staircase to the Orcish Mines.
 10365 | D:11     | Noticed Urug
 10572 | D:11     | Killed Urug
 10664 | Orc:1    | Entered Level 1 of the Orcish Mines
 10820 | Orc:1    | Reached ***** piety under Kikubaaqudgha
 11257 | Orc:2    | Entered Level 2 of the Orcish Mines
 11308 | Orc:2    | Noticed a two-headed ogre
 11308 | Orc:2    | Noticed Sonja
 11363 | Orc:1    | Killed a two-headed ogre
 11400 | Orc:2    | Killed Sonja
 11511 | Orc:2    | Reached skill level 10 in Spellcasting
 11631 | Orc:2    | Reached XP level 13. HP: 88/88 MP: 1/27
 11745 | Orc:2    | Reached skill level 5 in Shields
 11941 | Orc:2    | Found Etobubb's Magic Scroll Shop.
 11945 | Orc:2    | Bought a scroll of magic mapping for 112 gold pieces
 11951 | Orc:2    | Found Cyejiwu's Antique Weapon Boutique.
 12170 | Orc:2    | Reached skill level 5 in Fighting
 12170 | Orc:2    | Reached skill level 5 in Armour
 12450 | Orc:2    | Found a staircase to the Elven Halls.
 12508 | Orc:2    | Identified the +3 leather armour of Chimes {rC+ Str+4 SInv}
 12573 | Orc:2    | Noticed an orc warlord
 12589 | Orc:2    | Killed an orc warlord
 12594 | Orc:2    | Reached ****** piety under Kikubaaqudgha
 12630 | Orc:1    | Received a gift from Kikubaaqudgha
 12631 | Orc:1    | Fell from the grace of Kikubaaqudgha
 12812 | Temple   | Became a worshipper of Gozag Ym Sagoz the Greedy
 13108 | Orc:2    | Noticed an orc warlord
 13127 | Orc:2    | Killed an orc warlord
 13261 | Orc:2    | Found Jaheixt's Antique Armour Boutique.
 13279 | Orc:2    | Gained mutation: Your body sometimes deteriorates upon
                  | taking damage. [a neqoxec]
 13367 | Orc:2    | Reached skill level 5 in Dodging
 13373 | Orc:2    | Found Ceverem's Book Shop.
 13917 | D:12     | Reached XP level 14. HP: 87/101 MP: 15/29
 14412 | D:12     | Noticed Nergalle
 14419 | D:12     | Killed Nergalle
 14963 | D:13     | Found a gate to the Vaults.
 15247 | D:13     | Got the Compendium of Damage Dealing
 15724 | D:14     | Reached XP level 15. HP: 113/113 MP: 24/31
 16068 | D:14     | Found a portal to a secret trove of treasure.
 16207 | D:14     | Reached skill level 10 in Shields
 16331 | D:15     | Entered Level 15 of the Dungeon
 16370 | D:15     | Reached skill level 10 in Fighting
 16370 | D:15     | Reached skill level 10 in Armour
 16854 | D:15     | HP: 1/115 [centaur warrior/+0 dire flail (8)]
 16854 | D:15     | Slain by a centaur warrior

Illustrated notes

Levels and vault maps discovered:
D:1:      shiori_arrival_elements, layout_basic
D:2:      layout_rooms, uniq_robin, uniq_sigmund
D:3:      layout_loops_ring, elyvilon_altar_1, chequers_ecumenical_altar_twisty
D:4:      gammafunk_cloud_chamber, layout_cave_pods, serial_shops, shop,
          grunt_ministairs_5
D:5:      layout_cave_pools, kennysheep_little_box, minmay_temple_entry_statues
D:6:      layout_layer_cave
D:7:      kennysheep_big_flooded_room, layout_layer_cave, kennysheep_mini_moat,
          nicolae_wu_jian_glorious_leap, serial_demonic, serial_demonic_c,
          serial_demonic_g, serial_demonic_c, serial_demonic_b,
          serial_demonic_e, serial_demonic_c, serial_demonic_a,
          serial_demonic_a, serial_demonic_c, serial_demonic_b,
          nicolae_shop_unique_rings, serial_bayou_pond_b,
          kennysheep_generic_room_5
D:8:      layout_basic, serial_shops, nicolae_diamond_shop, uniq_prince_ribbit1,
          uniq_joseph
D:9:      layout_rooms, dpeg_oklobed_lair, kennysheep_cross_bottleneck,
          grunt_ministairs_9, uniq_erica
D:10:     layout_stronghold, lemuel_round_altar
D:11:     layout_roguey, david_orc_1_choice, serial_shops,
          nicolae_shop_overgrown_old_shop, uniq_urug
D:12:     layout_irregular_city, uniq_nergalle
D:13:     nzn_winding_woodlands_three_and_one
          [nzn_winding_woodlands_5x15_lazy_stream,
          nzn_winding_woodlands_5x15_cabin, nzn_winding_woodlands_5x15_twine,
          nzn_winding_woodlands_center_diamonds], layout_basic, david_vaults_3,
          hangedman_decor_push
D:14:     layout_roguey, nicolae_trove_entry_path_of_doom
D:15:     gammafunk_depths_entry_grave, layout_rooms,
          chequers_serial_rivers_small_a
Temple:   bh_familiar_temple
Orc:1:    layout_caves, nicolae_orc_jurassic_orc
Orc:2:    pubby_orc_utopia, uniq_sonja

Skill      XL: |  1  2  3  4  5  6  7  8  9 10 11 12 13 14 15 |
---------------+----------------------------------------------+-----
Dodging        | 2 3 5 7 |  7.0
Fighting       | 1 2 3 4 6 9 10 | 10.3
Armour         | 1 2 3 4 6 9 10 | 10.2
Conjurations   | 4 5 6 |  6.0
Spellcasting   | 3 4 5 6 7 10 11 12 | 12.0
Shields        | 2 3 4 7 9 12 | 12.1
Necromancy     | 3 8 9 11 12 | 12.0
Earth Magic    | 9 12 | 12.0
Stealth        | |  2.4

Action                   |  1- 3 |  4- 6 |  7- 9 | 10-12 | 13-15 || total
-------------------------+-------+-------+-------+-------+-------++-------
Melee: Short sword       |     7 |       |       |       |       ||     7
       Unarmed           |     4 |       |       |       |       ||     4
       Dagger            |     5 |     6 |     5 |       |       ||    16
       Club              |       |       |     2 |       |       ||     2
       Long sword        |       |       |       |    39 |       ||    39
       Demon trident     |       |       |       |       |     5 ||     5
       Sling             |       |       |       |       |     1 ||     1
 Fire: Sling             |       |    14 |     3 |   168 |   355 ||   540
 Cast: Magic Dart        |    51 |    39 |   114 |    17 |       ||   221
       Searing Ray       |     3 |     8 |    70 |    12 |       ||    93
       Vampiric Draining |       |       |    15 |    37 |    23 ||    75
       Borgnjor's Vile C |       |       |       |   134 |   250 ||   384
       Dispel Undead     |       |       |       |     6 |     9 ||    15
       Sublimation of Bl |       |       |       |     1 |     3 ||     4
Invok: Receive Forbidden |       |       |       |       |     1 ||     1
       Renounce Religion |       |       |       |       |     1 ||     1
 Abil: Shaft Self        |       |       |     1 |     2 |       ||     3
       Dig               |       |       |     2 |     2 |       ||     4
  Use: Scroll            |       |     6 |     1 |     9 |     3 ||    19
       Potion            |       |       |       |     1 |       ||     1
 Stab: Sleeping          |       |     1 |       |       |       ||     1
Armor: Robe              |     9 |     6 |    16 |    29 |     5 ||    65
       Leather armour    |       |       |       |       |    17 ||    17
Dodge: Dodged            |     8 |    10 |    60 |    83 |    55 ||   216
       Repelled          |       |       |       |     5 |     5 ||    10
Block: Buckler           |       |       |    10 |    32 |    16 ||    58
       Kite shield       |       |       |       |       |    29 ||    29
